AoeStats
← PJRC

Black Forest

506098327Analyzed
2v2 RM · 20d ago on Sep 12, 2026· 108m 59s· 4 players
Game mode
Random Map
Map size
Medium (4 player)
Population
200
Speed
Normal
Resources
Standard
Victory
Conquest
Starting age
Dark Age
Ending age
Imperial Age
RankedLock teamsTeams togetherTeam positionsShared explorationLock speedFull tech treeHidden civsTurbo modeCheats
Victory
Defeat
🇷🇺 Lithuanians · Russia
678
+13
🇪🇸 Mongols · Spain
562
+17
🇵🇹 Chinese · Portugal
619
-16
🇹🇷 Huns · Türkiye
579
-14
PJRC
1:51 Loom
18:23 Feudal Age
19:44 Double-Bit Axe
19:47 Horse Collar
22:38 Castle Age
23:17 Wheelbarrow
22:28 Town Watch
22:35 Gold Mining
22:38 Stone Mining
22:55 Padded Archer Armor
23:31 Fletching
24:20 Bow Saw
25:47 Heavy Plow
29:06 Hand Cart
29:30 Fervor
29:17 Herbal Medicine
29:29 Herbal Medicine
30:02 Caravan
34:33 Town Patrol
35:49 Fortified Wall
35:31 Guard Tower
36:39 Great Wall
37:23 Gold Shaft Mining
44:06 Imperial Age
44:11 Imperial Age
41:57 Murder Holes
42:23 Ballistics
42:14 Masonry
42:14 Scale Mail Armor
43:26 Stone Shaft Mining
44:42 Stone Shaft Mining
44:24 Husbandry
44:34 Bloodlines
44:33 Thumb Ring
43:55 Elite Skirmisher
44:36 Squires
43:57 Pikeman
44:23 Arson
46:29 Leather Archer Armor
46:10 Bodkin Arrow
46:25 Forging
46:21 Scale Barding Armor
46:31 Chain Mail Armor
47:19 Chemistry
46:05 Arrowslits
46:51 Architecture
46:57 Keep
46:28 Light Cavalry
46:30 Halberdier
48:35 Two-Man Saw
48:46 Two-Man Saw
49:18 Coinage
49:04 Elite Chu Ko Nu
50:07 Rocketry
50:15 Conscription
51:01 Ring Archer Armor
50:32 Bracer
50:20 Heavy Rocket Cart
51:14 Cavalier
52:34 Banking
51:51 Sappers
54:21 Heavy Scorpion
55:46 Chain Barding Armor
55:56 Plate Mail Armor
56:02 Iron Casting
56:01 Bombard Tower
62:57 Capped Ram
63:30 Heated Shot
64:03 Sanctity
64:45 Blast Furnace
64:21 Plate Barding Armor
65:25 Siege Ram
66:11 Elite Fire Lancer
66:14 Man-at-Arms
66:20 Crossbowman
66:21 Heavy Cavalry Archer
68:07 Long Swordsman
68:14 Arbalester
urladidim
15:03 Feudal Age
13:46 Loom
16:25 Wheelbarrow
16:06 Double-Bit Axe
16:56 Horse Collar
17:35 Gold Mining
25:24 Castle Age
23:11 Town Watch
29:21 Hand Cart
29:08 Town Patrol
31:21 Stone Mining
32:07 Gold Shaft Mining
34:09 Imperial Age
33:22 Husbandry
33:34 Bloodlines
32:46 Light Cavalry
34:52 Masonry
39:37 Bow Saw
39:33 Heavy Plow
40:24 Padded Archer Armor
40:15 Fletching
40:31 Scale Barding Armor
40:27 Scale Mail Armor
40:38 Forging
40:07 Elite Tarkan
42:31 Chemistry
41:30 Murder Holes
41:58 Leather Archer Armor
42:47 Ballistics
43:45 Cavalier
44:26 Bodkin Arrow
45:28 Ballistics
48:19 Bracer
48:41 Chain Barding Armor
48:37 Chain Mail Armor
48:59 Iron Casting
51:22 Plate Barding Armor
53:05 Two-Man Saw
55:05 Caravan
55:29 Guilds
54:47 Paladin
57:26 Blast Furnace
56:33 Hussar
72:16 Marauders
72:48 Atheism
87:19 Arson
87:36 Squires
86:57 Man-at-Arms
93:11 Pikeman
93:12 Long Swordsman
95:22 Halberdier
95:23 Two-Handed Swordsman
96:15 Capped Ram
99:39 Siege Ram
McVainas
0:27 Loom
12:28 Feudal Age
13:35 Double-Bit Axe
13:35 Horse Collar
18:42 Gold Mining
19:43 Stone Mining
24:12 Castle Age
27:54 Wheelbarrow
29:30 Caravan
31:46 Heavy Plow
34:13 Gold Shaft Mining
34:19 Stone Shaft Mining
34:09 Ballistics
33:45 Murder Holes
34:03 Fortified Wall
36:54 Hand Cart
38:45 Bloodlines
38:36 Husbandry
43:48 Imperial Age
46:05 Conscription
46:22 Hoardings
45:13 Elite Mangudai
47:26 Town Watch
49:16 Chemistry
48:28 Masonry
48:49 Bow Saw
49:02 Bow Saw
48:59 Onager
50:02 Forging
49:42 Fletching
49:53 Padded Archer Armor
49:58 Scale Barding Armor
49:53 Scale Mail Armor
51:30 Siege Onager
53:48 Iron Casting
53:09 Bodkin Arrow
53:29 Leather Archer Armor
53:35 Chain Barding Armor
53:20 Town Patrol
55:43 Sappers
56:16 Nomads
56:37 Drill
56:56 Parthian Tactics
55:52 Heavy Cavalry Archer
56:01 Heavy Scorpion
56:05 Capped Ram
59:04 Blast Furnace
58:04 Bracer
58:20 Chain Mail Armor
59:19 Atonement
59:29 Fervor
59:20 Devotion
59:41 Heresy
59:16 Herbal Medicine
59:30 Siege Engineers
59:16 Guard Tower
60:14 Coinage
62:34 Faith
63:04 Banking
63:29 Plate Mail Armor
Fidel
9:41 Feudal Age
10:33 Horse Collar
10:41 Double-Bit Axe
15:53 Wheelbarrow
17:42 Gold Mining
17:43 Stone Mining
21:14 Castle Age
20:54 Scale Barding Armor
20:50 Padded Archer Armor
20:41 Fletching
21:02 Forging
20:52 Scale Mail Armor
23:17 Caravan
24:51 Bow Saw
25:07 Heavy Plow
25:00 Light Cavalry
25:53 Bloodlines
25:43 Husbandry
27:24 Hand Cart
27:03 Pikeman
27:45 Squires
27:06 Man-at-Arms
32:44 Imperial Age
32:29 Leather Archer Armor
32:36 Chain Barding Armor
32:31 Chain Mail Armor
32:52 Iron Casting
32:56 Murder Holes
33:22 Ballistics
33:14 Masonry
32:48 Treadmill Crane
33:25 Fortified Wall
35:18 Conscription
35:42 Hoardings
35:44 Crop Rotation
35:36 Cavalier
35:47 Winged Hussar
35:52 Elite Skirmisher
37:17 Tower Shields
37:00 Long Swordsman
39:50 Two-Man Saw
39:34 Elite Leitis
40:21 Town Watch
40:14 Paladin
42:39 Chemistry
42:11 Architecture
41:38 Guard Tower
42:42 Town Patrol
42:31 Loom
44:20 Plate Barding Armor
44:17 Ring Archer Armor
43:43 Bodkin Arrow
44:28 Halberdier
48:56 Bracer
49:10 Thumb Ring
48:28 Crossbowman
53:26 Onager
68:39 Bombard Tower
84:49 Two-Handed Swordsman
86:47 Champion
92:55 Guilds
Connection lost

Rejoining the realm…

Still unreachable

The connection could not be restored.

Session expired

The server has moved on; the page needs a fresh start.